 BcadrenCrawl: Boulder Brew version 0.06.7.3-23-g1ca577db0e (webtiles) character file.

Game seed: 4319059612649455577

3745 MackTheKnife the Zephyrmancer (level 10, -10/86 HPs) Tengu Air Elementalist. Began on Nov 17, 2023. Was a Follower of Vehumet. Mangled by a two-headed ogre ... wielding a cursed +1 giant spiked club of chaos {(Curse: Fragile Dex-2)} (18 damage) ... on level 5 of the Dungeon. The game lasted 00:10:29 (5573 turns).

MackTheKnife the Zephyrmancer (TeAE)                Turns: 5573, Time: 00:10:29

Health: -10/86     AC:  9    Str:  8    XL:     10 ^: 3876
Magic:  15/20      EV: 22    Int: 29    God:    Vehumet [1* [35]]
Gold:   167        SH:  5    Dex: 16    Spells: 6/21 levels left

rFire    . . .     Slash    x   b - +2 whip (elec) {mace}
rCold    . . .     Pierce   .   (no weapon)
rNeg     . . .     Bludgeon .   w - +1 robe {soft}
rCorr    . . .     Vision   .   (helmet restricted)
rPois    .         Reflect  +   (no cloak)
rElec    .                      s - +0 pair of gloves
MR       .....                  (boots unavailable)
HPRegen  0.38/turn              j - amulet of reflection
MPRegen  0.30/turn              r - ring of intelligence
Stlth    ++........             m - ring of protection (curse) {(Curse: MR-)}

@: flying quickly and evasively, quick
A: beak, talons, INT +6, tengu flight, soft flesh
a: Stop Flying, Renounce Religion


You were on level 5 of the Dungeon.
You worshipped Vehumet.
Vehumet was aware of your devotion.
You were not hungry.

You visited 2 branches of the dungeon, and saw 6 of its levels.

You collected 167 gold pieces.


Innate Abilities, Weirdness & Mutations

You have a beak for a mouth.
You have razor-sharp talons for feet.
You can fly continuously.
Your speed and evasion are boosted while flying.
Your soft flesh is weak to deep cuts.
Heavy manmade armour will nullify this weakness. (rSlashing-)
You are extremely clever. (INT +6)


   Skills:
 + Level 7.4 Fighting
 + Level 8.6 Dodging
 - Level 2.0 Stealth
 - Level 6.0 Spellcasting
 - Level 10.1 Air Magic


You had 6 spell levels left.
You knew the following spells:

 Your Spells              Type           Power        Failure   Level  Hunger
a - Shock                 Air            25 (25)      1%          1    0
b - Static Discharge Air 61 (100) 1% 3 0-6 c - Airstrike Air 61 (200) 1% 4 26-126 d - Lightning Bolt Air 61 (200) 2% 5 146-306 e - Swiftness Chrm/Air       38 (100)     1%          2    0

Your spell library contained the following spells:

 Spells                   Type           Power        Failure   Level  Hunger
 Freeze                   Ice            8 (25)       5%          1    0

Inventory:

Weapons
 b - a +2 whip of electrocution (weapon) {mace}
   (You found it on level 2 of the Dungeon)
Armour
 s - a +0 pair of gloves (worn)
   (You found it on level 3 of the Dungeon)
 w - a +1 robe of softness (worn)
   (You took it off an orc wizard on level 5 of the Dungeon)
Jewellery
 j - an amulet of reflection (around neck)
   (You found it on level 2 of the Dungeon)
 k - an uncursed ring of poison resistance
   (You took it off a kobold on level 2 of the Dungeon)
 m - a cursed ring of protection (right hand) {(Curse: MR-)}
   (You took it off a big kobold on level 2 of the Dungeon)
 r - a ring of intelligence (left hand)
   (You took it off an orc priest on level 3 of the Dungeon)
Wands
 d - a wand of polymorph
   (You took it off a howler monkey on level 3 of the Dungeon)
Scrolls
 e - a scroll of blinking {!r}
 f - 2 scrolls of immolation {!r!r}
 n - 2 scrolls of teleportation {@r4}
 v - a scroll of torment {!r}
 y - a scroll of magic mapping {!r}
 z - a scroll of gravitation {!r}
Potions
 h - 2 potions of heal wounds {@q2}
 i - 2 potions of curing {@q1}
 l - 4 potions of lignification {!q}
 o - a potion of ambrosia
 q - 3 potions of haste {@q3}
 t - a potion of agility
 u - a potion of brilliance
Miscellaneous
 p - an empty bottle
Comestibles
 c - 6 rations {@e2}

Dungeon Overview and Level Annotations

Branches:
Dungeon (5/8)              Temple (1/1) D:4
   Lair: D:5

Altars:
Ashenzari
Elyvilon
Fedhas Madash
Gozag Ym Sagoz
Kikubaaqudgha
Makhleb
Nemelex Xobeh
Sif Muna
Trog
Uskayaw
Vehumet
Yredelemnul
Zin
The Shining One

## #....##
.##.#.Y#
.Y......โ€
#......##O#
.......## #
.###....#
##....โ€ ## .#.
#......O###.....
#.@<...#
#............
#.รท........##
............##
#).###.%##.##
#.. .### .# #..
. # #. .#


You could see a two-headed ogre and a yak.


Message History

You see here a killer bee corpse.
There is a stone staircase leading down here.
You see here a +0 robe.
You fly downwards.
The two-headed ogre shouts in stereo!
There is a stone staircase leading up here.
The two-headed ogre closely misses you. The two-headed ogre misses you.
You fly upwards.
Some of the chunks of flesh in your inventory have rotted away.
There is a stone staircase leading down here.
You see here a +0 robe.
Unknown command.
Casting: Lightning Bolt (dangerous; 2% risk of failure)
Confirm with . or Enter, or press ? or * to list all spells.
Aiming: Lightning Bolt (dangerous; 2% risk of failure)
Press: ? - help, Shift-Dir - straight line, f - two-headed ogre
Aim: a two-headed ogre, wielding two +0 giant clubs (90%, 92% to-hit, healthy (57/57), 30% (Melee))
You hear a mighty clap of thunder!
The bolt of lightning hits the two-headed ogre (16)!
The two-headed ogre barely misses you.
The two-headed ogre closely misses you. ๐Ÿ˜Ž MP[-5]
You lost 5 mp, and now have 14/19 mp.
Casting: Lightning Bolt (dangerous; 2% risk of failure)
Confirm with . or Enter, or press ? or * to list all spells.
Aiming: Lightning Bolt (dangerous; 2% risk of failure)
Press: ? - help, Shift-Dir - straight line, p - two-headed ogre You hear a mighty clap of thunder!
The bolt of lightning misses the two-headed ogre.
The two-headed ogre hits you with a +0 giant club (25)!!
The two-headed ogre misses you. ๐Ÿ˜ฎ HP[-25] MP[-5]
You take 25 damage, and now have 54/79 hp.
MASSIVE DAMAGE!! (PAUSE)
You lost 5 mp, and now have 9/19 mp.
Casting: Lightning Bolt (dangerous; 2% risk of failure)
Confirm with . or Enter, or press ? or * to list all spells.
Aiming: Lightning Bolt (dangerous; 2% risk of failure)
Press: ? - help, Shift-Dir - straight line You hear a mighty clap of thunder!
The bolt of lightning hits the two-headed ogre (22)!! ๐Ÿ˜ฎ MP[-5]
You lost 5 mp, and now have 4/19 mp.
Casting: Lightning Bolt (dangerous; 2% risk of failure)
Confirm with . or Enter, or press ? or * to list all spells.
You don't have enough magic to cast that spell.
Unknown command.
Evoke which item? (* to show all) (? for menu, Esc to quit)
This wand has no charges.
Unknown command.
Okay, then.
As you read the scroll of fear, it crumbles to dust.
You assume a fearsome visage.
The two-headed ogre looks frightened!
The two-headed ogre screams, "Help!" ๐Ÿ˜ฎ MP[+1] Unknown command.
You see here an adder skeleton. ๐Ÿ˜ฎ HP[+1]
Casting: Lightning Bolt (dangerous; 2% risk of failure)
Confirm with . or Enter, or press ? or * to list all spells.
Aiming: Lightning Bolt (dangerous; 2% risk of failure)
Press: ? - help, Shift-Dir - straight line You hear a mighty clap of thunder!
The bolt of lightning hits the two-headed ogre (26)!!
You kill the two-headed ogre!
Vehumet accepts your kill.
Your Fighting skill increases to level 7!
Your Dodging skill increases to level 8!
You have reached level 10! ๐Ÿ˜ฎ HP[+5] MP[-5]
You now have 86 max hp (+7).
You regained 5 hp, and now have 60/86 hp.
You lost 5 mp, and now have 0/20 mp.
You start waiting.
Eating one of 2 chunks of flesh {@e1}.
This raw flesh tastes terrible.
You eat one of the 2 chunks of flesh {@e1}.
All of the chunks of flesh in your inventory have rotted away. ๐Ÿ˜• HP[+25] MP[+20]
You regained 25 hp, and now have 85/86 hp.
Your mp is fully restored (20).
You start waiting. ๐Ÿ˜Ž HP[+1]
Your hp is fully restored (86).
There is a stone staircase leading down here.
Things that are here:
a cursed ring of positive energy {(Curse: MR-)}; an uncursed ring of intelligence; a cursed ring of evasion {(Curse: Str-2)} You fly downwards.
The two-headed ogre closely misses you. The two-headed ogre barely misses you.
There is a stone staircase leading up here.
Casting: Lightning Bolt (dangerous; 2% risk of failure)
Confirm with . or Enter, or press ? or * to list all spells.
Aiming: Lightning Bolt (dangerous; 2% risk of failure)
Press: ? - help, Shift-Dir - straight line You hear a mighty clap of thunder!
The bolt of lightning hits the two-headed ogre (29)!!
The bolt of lightning hits the two-headed ogre (20)!!
The two-headed ogre hits you with a cursed +1 giant spiked club of chaos {(Curse: Fragile Dex-2)} (39)!!!
Critical Hit!
The two-headed ogre burns you (39)!!!
* * * LOW HITPOINT WARNING * * *
The two-headed ogre hits you with a giant club (18)!!
You die...

Skill      XL: |  1  2  3  4  5  6  7  8  9 |
---------------+----------------------------+-----
Air Magic      | 5 6 7 9 10 | 10.1
Spellcasting   | 3 4 5 6 |  6.0
Fighting       | 3 7 |  7.4
Dodging        | 4 8 |  8.6
Stealth        | |  2.0

Action                   |  1- 3 |  4- 6 |  7- 9 | 10-12 || total
-------------------------+-------+-------+-------+-------++-------
Melee: Unarmed           |     8 |     2 |     1 |       ||    11
       Spear             |     2 |     2 |       |       ||     4
       Kick              |     1 |     1 |     1 |       ||     3
       Whip              |       |       |     1 |       ||     1
 Cast: Shock             |    35 |   125 |   221 |       ||   381
       Airstrike         |       |       |    11 |       ||    11
       Lightning Bolt    |       |       |    23 |     1 ||    24
       Static Discharge  |       |       |     3 |       ||     3
 Abil: Fly               |       |     1 |       |       ||     1
Evoke: Wand              |       |       |     2 |       ||     2
  Use: Scroll            |       |     1 |     1 |       ||     2
       Potion            |       |       |     1 |       ||     1
  Eat: Chunk             |       |     4 |    12 |     1 ||    17
       Ration            |       |       |     1 |       ||     1
Armor: Robe              |     2 |       |    20 |       ||    22
Dodge: Dodged            |     2 |     2 |    34 |     2 ||    40
Block: Other             |       |       |    22 |       ||    22
       Reflection        |       |       |     2 |       ||     2

Levels and vault maps discovered:
D:1:      saegor_arrival_simple_b, layout_rooms, nrook_campfire,
          portal_sewer_entry_f
D:2:      layout_sewer, overflow_temple_1_default, overflow_temple_1_default,
          first_ration, nicolae_underground_beach
D:3:      layout_cave_pools, kennysheep_vampire_church, bloody_makhleb
D:4:      layout_long_grid, led_sif_pool, temple_green, uniq_maggie
D:5:      layout_cave_pools, lair_entry_dummy, hangedman_pestilent_swarm,
          uniq_erica
Temple:   compressed_dpeg_triangle_lava_temple

Notes
Turn   | Place    | Note
-------+----------+-------------------------------------------
     0 | D:1      | MackTheKnife the Tengu Air Elementalist began the quest for
                  | the Orb.
     0 | D:1      | Reached XP level 1. HP: 21/21 MP: 4/4
     0 | D:1      | magus.rc [v1.9.6]
    27 | D:1      | Reached XP level 2. HP: 28/28 MP: 0/6
   167 | D:1      | Reached XP level 3. HP: 36/36 MP: 2/7
   215 | D:1      | Reached skill level 5 in Air Magic
   281 | D:1      | Reached skill level 3 in Spellcasting
   315 | D:1      | Reached XP level 4. HP: 43/43 MP: 3/9
   552 | D:1      | Gained mutation: You can fly continuously. Your speed and
                  | evasion are boosted while flying. [Tengu growth]
   552 | D:1      | Reached XP level 5. HP: 50/50 MP: 7/11
   717 | D:1      | Reached skill level 6 in Air Magic
   986 | D:2      | Found a hide-covered altar of Uskayaw.
  1046 | D:2      | Learned a level 3 spell: Static Discharge
  1214 | D:2      | Reached skill level 4 in Spellcasting
  1318 | D:2      | Reached XP level 6. HP: 57/57 MP: 8/13
  1362 | D:2      | Reached skill level 7 in Air Magic
  1478 | D:2      | Learned a level 4 spell: Airstrike
  1639 | D:2      | Found a glowing silver altar of Zin.
  2609 | D:3      | Reached XP level 7. HP: 62/64 MP: 12/15
  2626 | D:3      | Reached skill level 5 in Spellcasting
  2754 | D:3      | Reached skill level 8 in Air Magic
  2936 | D:3      | Learned a level 5 spell: Lightning Bolt
  3120 | D:3      | Found a burning altar of Makhleb.
  3294 | D:3      | Found an ancient bone altar of Kikubaaqudgha.
  3302 | D:3      | Reached skill level 9 in Air Magic
  3302 | D:3      | Reached XP level 8. HP: 71/72 MP: 11/17
  3446 | D:3      | Learned a level 2 spell: Swiftness
  3509 | D:3      | Reached skill level 6 in Spellcasting
  3840 | D:4      | Found a staircase to the Ecumenical Temple.
  3849 | Temple   | Entered the Ecumenical Temple
  4093 | Temple   | Became a worshipper of Vehumet
  4118 | D:4      | Reached skill level 10 in Air Magic
  4128 | D:4      | Reached skill level 1 in Fighting
  4128 | D:4      | Reached skill level 3 in Dodging
  4158 | D:4      | Reached skill level 2 in Fighting
  4256 | D:4      | Reached skill level 4 in Dodging
  4333 | D:4      | Noticed Maggie
  4335 | D:4      | Noticed Maggie
  4335 | D:4      | Maggie changed into Maggie the big kobold
  4339 | D:4      | Reached skill level 3 in Fighting
  4352 | D:4      | Killed Maggie the big kobold
  4439 | D:4      | Reached XP level 9. HP: 79/79 MP: 13/19
  4610 | D:4      | Found a shimmering blue altar of Sif Muna.
  4973 | D:5      | Entered Level 5 of the Dungeon
  4973 | D:5      | Noticed Erica
  4977 | D:5      | Killed Erica
  4978 | D:5      | Reached skill level 5 in Fighting
  4978 | D:5      | Reached skill level 6 in Dodging
  5185 | D:5      | Reached * piety under Vehumet
  5185 | D:5      | Offered knowledge of Freeze by Vehumet.
  5187 | D:5      | Reached skill level 7 in Dodging
  5188 | D:5      | Reached skill level 6 in Fighting
  5307 | D:5      | Noticed a two-headed ogre
  5384 | D:5      | Noticed a two-headed ogre
  5484 | D:4      | Killed a two-headed ogre
  5485 | D:4      | Reached skill level 7 in Fighting
  5485 | D:4      | Reached skill level 8 in Dodging
  5485 | D:4      | Reached XP level 10. HP: 60/86 MP: 0/20
  5573 | D:5      | HP: 8/86 [two-headed ogre/cursed +1 giant spiked club of
                  | chaos {(Curse: Fragile Dex-2)} (39)]
  5573 | D:5      | Mangled by a two-headed ogre

Vanquished Creatures
  Erica (D:5)
  A two-headed ogre (D:4)
  A hippogriff (D:5)
  2 yaks (D:5)
  A scorpion (D:4)
  A porcupine (D:4)
  An ice beast (D:4)
  A sky beast (D:4)
  3 big kobolds
  A centaur (D:5)
  A howler monkey (D:3)
  5 killer bees
  3 vampire bats (D:3)
  A hornet zombie (D:4)
  An orc priest (D:3)
  A llaibwca (D:4)
  9 hounds
  A jelly (D:2)
  3 orc wizards
  2 iguanas (D:4)
  5 worker ants
  9 giant cockroaches
  7 adders
  3 gnolls (D:4)
  12 cinder newts
  2 worms
  3 bullfrogs (D:4)
  A killer bee zombie (D:5)
  2 oozes (D:2)
  A howler monkey skeleton (D:3)
  2 dart slugs (D:1)
  9 leopard geckos
  17 orcs
  3 adder skeletons (D:2)
  A cinder newt skeleton (D:2)
  8 goblins (D:1)
  4 hobgoblins (D:1)
  6 jackals
  9 kobolds
  A quokka (D:3)
  A ball python (D:2)
  5 bats
  4 bat skeletons
  2 bat zombies (D:3)
  A goblin skeleton (D:2)
  A leopard gecko skeleton (D:3)
  An orc skeleton (D:2)
  6 rats (D:1)
  4 withered plants (D:2)
170 creatures vanquished.

Vanquished Creatures (others)
  A bat (D:2)
  A butterfly (D:4)
  58 withered plants (D:2)
60 creatures vanquished.

Grand Total: 230 creatures vanquished

Table legend:
 A = Non-vault XP
 B = Vault XP
 C = Vault XP percentage of total XP
 D = Non-vault monster count
 E = Vault monster count
 F = Vault count percentage of total count
                 A         B        C        D         E       F
            +---------+---------+-------+---------+---------+-------
      Total |    4145 |    1206 |  22.5 |     150 |      16 |   9.6
            +---------+---------+-------+---------+---------+-------
        D:1 |     158 |      36 |  18.6 |      32 |       6 |  15.8
        D:2 |     422 |       0 |   0.0 |      36 |       0 |   0.0
        D:3 |     509 |     162 |  24.1 |      31 |       8 |  20.5
        D:4 |    1889 |      91 |   4.6 |      33 |       1 |   2.9
        D:5 |    1167 |     917 |  44.0 |      18 |       1 |   5.3
            +---------+---------+-------+---------+---------+-------

Illustrated notes

Table legend:
 A = Kills in this place as a percentage of kills in entire the game.
 B = Kills by you in this place as a percentage of kills by you in the entire game.
 C = Kills by friends in this place as a percentage of kills by friends in the entire game.
 D = Other kills in this place as a percentage of other kills in the entire game.
 E = Experience gained in this place as a percentage of experience gained in the entire game.
 F = Experience gained in this place divided by the number of levels of this place that you have seen.
                   A       B       C       D       E      F
               +-------+-------+-------+-------+-------+----------------------
         Total | 100.0 | 100.0 |   N/A |   N/A | 100.0 | 891.8
       Dungeon | 100.0 | 100.0 |   N/A |   N/A | 100.0 | 1070.2
               +-------+-------+-------+-------+-------+----------------------

Table legend: (Time is in decaauts)
 A = Elapsed time spent in this place.
 B = Non-inter-level travel time spent in this place.
 C = Inter-level travel time spent in this place.
 D = Time resting spent in this place.
 E = Time spent auto-exploring this place.
 F = Levels seen in this place.
 G = Mean time per level.
                   A        B        C        D        E       F      G
               +--------+--------+--------+--------+--------+-----+--------+
         Total |   5306 |   5039 |    267 |    650 |   3534 |   6 |  884.3 |
       Dungeon |   5071 |   4817 |    254 |    650 |   3347 |   5 | 1014.2 |
        Temple |    235 |    222 |     13 |      0 |    187 |   1 |  235.0 |
               +--------+--------+--------+--------+--------+-----+--------+

Top non-repeatable levels by time:
     D:4: 1542 daAuts
     D:2: 1499 daAuts
     D:3: 984 daAuts
     D:1: 950 daAuts
  Temple: 235 daAuts
     D:5: 95 daAuts
